 Dungeon Crawl Stone Soup version 0.24.0-41-g2ae2f7f1be (webtiles) character file.

Game seed: 8799524481996261588, levelgen mode: deterministic

14025 Delamore the Severer (level 12, -8/112 HPs)
             Began as a Hill Orc Fighter on Dec 11, 2019.
             Was the Champion of Okawaru.
             Killed from afar by Josephine (35 damage)
             ... with a ghostly fireball
             ... on level 1 of the Orcish Mines.
             The game lasted 00:17:49 (13374 turns).

Delamore the Severer (Hill Orc Fighter)            Turns: 13374, Time: 00:17:49

Health: -8/112     AC: 18    Str: 28    XL:     12   Next: 12%
Magic:  12/12      EV:  6    Int:  8    God:    Okawaru [******]
Gold:   924        SH: 10    Dex: 11    Spells: 11/11 levels left

rFire    . . .     SeeInvis .   r - +2 hand axe (elec)
rCold    . . .     Gourm    .   X - +1 shield of the Journeyman {Regen+}
rNeg     . . .     Faith    +   Y - +0 plate armour
rPois    .         Spirit   .   s - +2 hat
rElec    .         Reflect  .   (no cloak)
rCorr    .         Harm     .   o - +0 pair of gloves
MR       .....                  k - +0 pair of boots
Stlth    ..........             z - amulet of faith
HPRegen  0.68/turn              S - +3 ring of protection
MPRegen  0.13/turn              j - +2 ring of evasion

@: mighty, slowed, heavily drained, very slow
A: no striking features
a: Heroism, Finesse, Renounce Religion, Convert to Beogh


You were on level 1 of the Orcish Mines.
You worshipped Okawaru.
Okawaru was exalted by your worship.
You were not hungry.

You visited 3 branches of the dungeon, and saw 15 of its levels.
You also visited: Ice Cave.

You collected 924 gold pieces.

Inventory:

Hand Weapons
 r - a +2 hand axe of electrocution (weapon)
Missiles
 t - 3 curare-tipped darts (quivered)
 W - 7 atropa-tipped darts
Armour
 c - a +0 shield
 k - a +0 pair of boots (worn)
 o - a +0 pair of gloves (worn)
 s - a +2 hat (worn)
 X - the +1 shield of the Journeyman (worn) {Regen+}
   (Okawaru gifted it to you on level 1 of the Orcish Mines)

   It increases your rate of regeneration.
 Y - a +0 plate armour (worn)
Jewellery
 b - an uncursed ring of fire
 j - a +2 ring of evasion (right hand)
 u - an uncursed ring of positive energy
 z - an amulet of faith (around neck)
 P - a cursed amulet of inaccuracy {unknown}
 S - a +3 ring of protection (left hand)
Wands
 g - a wand of flame (28)
 A - a wand of random effects (6)
 B - a wand of enslavement (18)
 D - a wand of scattershot (1)
 F - a wand of disintegration (11)
 L - a wand of paralysis (25)
 N - a wand of polymorph (12)
 R - a wand of acid (9)
Scrolls
 e - 3 scrolls of amnesia
 h - 4 scrolls of magic mapping
 l - a scroll of fear {unknown}
 m - 9 scrolls of remove curse
 p - 2 scrolls of fog
 q - 7 scrolls of teleportation
 x - 3 scrolls of blinking
 y - 2 scrolls of enchant armour
 J - a scroll of immolation {unknown}
 M - a scroll of random uselessness
 O - 2 scrolls of identify
 T - a scroll of acquirement {unknown}
 V - a scroll of enchant weapon {unknown}
Potions
 a - 7 potions of curing
 d - a potion of might
 i - 2 potions of haste
 n - a potion of lignification
 v - 2 potions of degeneration
 w - 5 potions of flight
 C - a potion of ambrosia
 G - 2 potions of magic
 H - a potion of brilliance
 I - a potion of agility
 K - 5 potions of cancellation {unknown}
 Q - a potion of berserk rage {unknown}
Miscellaneous
 U - a fan of gales
Comestibles
 f - 27 rations
 Z - 7 chunks of flesh


   Skills:
 + Level 12.3(10.6) Fighting
 + Level 19.5(17.5) Axes
 - Level 3.2(1.9) Armour
 - Level 3.2(1.9) Shields


You had 11 spell levels left.
You didn't know any spells.
Your spell library contained the following spells:

 Spells                   Type           Power        Failure   Level  Hunger
 Corona                   Hex            #......      100%        1    ##.....
 Ensorcelled Hibernation  Hex/Ice        #.....       100%        2    ###....
 Confuse                  Hex            #.......     100%        3    ####...
 Dazzling Spray           Conj/Hex       #.....       100%        3    ####...
 Recall                   Summ/Tloc      N/A          100%        3    ####...
 Tukima's Dance           Hex            #.......     100%        3    ####...
 Animate Dead             Necr           N/A          100%        4    #####..
 Borgnjor's Vile Clutch   Necr/Erth      #.........   100%        5    ######.
 Death Channel            Necr           #.........   100%        6    #######
 Simulacrum               Ice/Necr       #.........   100%        6    #######


Dungeon Overview and Level Annotations

Branches:
Dungeon (13/15)            Temple (1/1) D:5            Lair (0/6) D:8
    Orc (1/2) D:12          IceCv (visited)
 Vaults: D:13-14

Altars:
Cheibriados
Fedhas
Gozag
Makhleb
Nemelex Xobeh
Okawaru
Sif Muna
Trog
Vehumet
Yredelemnul
Zin

Shops:
Orc:1 }

Annotations:
D:10 2 transporters, Anathary's ghost, novice MiFi
D:12 1 runed translucent door
Orc:1 Josephine


Message History

You hit Josephine but do no damage.
Josephine is heavily wounded.
You closely miss the wraith. The orc warrior closely misses you.
Josephine hits you but does no damage. The orc hits you but does no damage.
The wraith hits you!
* * * LOW HITPOINT WARNING * * *
The wraith drains your vigour!
You feel as though you will be slow longer.
You hit Josephine.
Josephine is heavily wounded.
Your shield and plate armour prevent you from hitting the wraith.
Josephine hits you but does no damage.
The orc warrior hits you but does no damage.
You block the orc's attack. The wraith closely misses you.
The orc priest begins to cast a cantrip, but forgets the words!
You feel very mighty all of a sudden. Josephine casts a spell at you.
The ghostly flame explodes!
The ghostly fireball engulfs you!!
You feel drained.
You die...

..#.#.#... ##..#.....#
#........# ## .......# ##.
#####..... #.. ##.#..o..# .#
##.. #.....oo# ... #...
.#.#.W.## .... ####.. #>
##@@####....##.##.. >##..
#..)#....###..####
......#....##.......# #...#.##
...#.#......##......###.......
#...#.........#....##........)
..............#..####........
#......#.....####.....###...
#.....###.....####....###..)
#...##.....##.##....##...)


You could see Josephine, a wraith, an orc warrior, an orc priest and an orc.

Vanquished Creatures
  An unseen horror (D:12)
  2 ugly things
  2 manticores (D:12)
  Psyche (D:9)
  A gargoyle (D:11)
  A komodo dragon (D:11)
  4 trolls
  Prince Ribbit (D:9)
  A hornet (D:8)
  A meliai zombie (D:12)
  Sigmund (D:4)
  4 wraiths (Orc:1)
  6 yaks (D:11)
  A hungry ghost (D:12)
  A human (D:2)
  4 wargs (Orc:1)
  An acid dragon (D:11)
  Duvessa (D:4)
  2 sky beasts
  7 orc warriors
  A black bear (D:8)
  15 ice beasts
  A necrophage (D:5)
  A hornet zombie (D:12)
  6 ogres
  3 centaurs
  Blork the orc (D:4)
  2 big kobolds
  11 bullfrogs
  Dowan (D:4)
  A water moccasin skeleton (D:8)
  5 scorpions
  6 killer bees
  5 wights (D:7)
  4 howler monkeys (D:10)
  A bullfrog zombie (D:5)
  7 crimson imps
  3 centaur zombies
  A bullfrog skeleton (D:11)
  4 jellies
  4 hounds
  8 orc priests
  Jessica (D:2)
  A centaur skeleton (D:5)
  Ijyb (D:4)
  5 iguanas
  17 orc wizards
  7 worker ants
  A worker ant zombie (D:6)
  15 adders
  7 gnolls
  3 shadow imps
  5 oozes (D:10)
  2 adder skeletons
  5 worms
  2 dart slugs
  3 leopard geckos
  36 orcs
  4 giant cockroaches
  5 goblins
  5 hobgoblins
  7 jackals
  14 kobolds
  9 quokkas
  8 bats
  4 frilled lizards
  2 jackal zombies
  A kobold skeleton (D:2)
  7 rats
  2 fungi (D:8)
313 creatures vanquished.

Notes
Turn   | Place    | Note
-------+----------+-------------------------------------------
     0 | D:1      | Delamore the Hill Orc Fighter began the quest for the Orb.
     0 | D:1      | Reached XP level 1. HP: 19/19 MP: 1/1
    98 | D:1      | Reached skill level 3 in Axes
   125 | D:1      | Found a sparkling altar of Nemelex Xobeh.
   323 | D:1      | Reached XP level 2. HP: 22/26 MP: 2/2
   358 | D:1      | Reached skill level 4 in Axes
   634 | D:2      | Noticed Jessica
   679 | D:2      | Reached XP level 3. HP: 5/31 MP: 3/3
  1215 | D:1      | Reached skill level 5 in Axes
  1454 | D:1      | Reached XP level 4. HP: 21/39 MP: 4/4
  1882 | D:2      | Reached skill level 6 in Axes
  1981 | D:2      | Killed Jessica
  2086 | D:2      | Noticed a human
  2087 | D:2      | Found a runed translucent door.
  2096 | D:2      | Found a basalt altar of Yredelemnul.
  2117 | D:2      | Killed a human
  2117 | D:2      | Reached skill level 8 in Axes
  2117 | D:2      | Reached XP level 5. HP: 35/45 MP: 5/5
  2117 | D:2      | Reached XP level 6. HP: 40/51 MP: 6/6
  2216 | D:2      | Found an opulent altar of Gozag.
  2440 | D:2      | Found a glowing silver altar of Zin.
  2514 | D:2      | Found a blossoming altar of Fedhas.
  2849 | D:3      | HP: 2/51 [something/magic dart (4)]
  2862 | D:3      | Reached skill level 9 in Axes
  3682 | D:4      | Reached XP level 7. HP: 54/57 MP: 7/7
  3775 | D:4      | Noticed Blork the orc
  3784 | D:4      | Killed Blork the orc
  3784 | D:4      | Reached skill level 10 in Axes
  3953 | D:4      | Noticed Sigmund
  3962 | D:4      | Killed Sigmund
  4030 | D:4      | Noticed Ijyb
  4030 | D:4      | Noticed Duvessa
  4030 | D:4      | Noticed Dowan
  4037 | D:4      | Killed Ijyb
  4037 | D:4      | Reached skill level 11 in Axes
  4045 | D:4      | Killed Duvessa
  4045 | D:4      | Reached XP level 8. HP: 43/64 MP: 8/8
  4054 | D:4      | Killed Dowan
  4310 | D:4      | Found a shimmering blue altar of Sif Muna.
  4419 | D:5      | Entered Level 5 of the Dungeon
  4435 | D:5      | Reached skill level 12 in Axes
  4485 | D:5      | Found a staircase to the Ecumenical Temple.
  4492 | Temple   | Entered the Ecumenical Temple
  4523 | Temple   | Became a worshipper of Warmaster Okawaru
  4881 | D:5      | Found a burning altar of Makhleb.
  5342 | D:5      | Reached * piety under Okawaru
  5342 | D:5      | Reached skill level 13 in Axes
  5558 | D:6      | Found a bloodstained altar of Trog.
  6084 | D:7      | Reached skill level 14 in Axes
  6084 | D:7      | Reached XP level 9. HP: 61/69 MP: 9/9
  6121 | D:7      | Reached ** piety under Okawaru
  6539 | D:7      | Reached skill level 15 in Axes
  7282 | D:8      | Noticed a hornet
  7282 | D:8      | Paralysed by a hornet for 3 turns
  7289 | D:8      | Killed a hornet
  7289 | D:8      | Reached *** piety under Okawaru
  7289 | D:8      | Reached skill level 16 in Axes
  7871 | D:8      | Found a staircase to the Lair.
  7878 | D:8      | Reached skill level 5 in Fighting
  7878 | D:8      | Reached XP level 10. HP: 54/81 MP: 10/10
  8453 | D:9      | Noticed Psyche
  8464 | D:9      | Paralysed by Psyche for 5 turns
  8475 | D:9      | Killed Psyche
  8475 | D:9      | Reached **** piety under Okawaru
  8562 | D:9      | Noticed Prince Ribbit
  8572 | D:9      | Killed Prince Ribbit
  9098 | D:10     | Entered Level 10 of the Dungeon
  9184 | D:10     | Reached skill level 17 in Axes
  9200 | D:10     | Noticed a two-headed ogre
  9202 | D:10     | Noticed a two-headed ogre
  9203 | D:10     | Found a transporter.
  9203 | D:10     | Noticed a two-headed ogre
  9203 | D:10     | Noticed Anathary's ghost (novice MiFi)
  9634 | D:10     | Reached ***** piety under Okawaru
  9744 | D:10     | Found a transporter.
  9890 | D:11     | Identified the +3 leather armour of the Shoals {Dex+3
                  | Slay+3}
  9891 | D:11     | Found a frozen archway.
  9968 | IceCv    | Entered an ice cave
  9968 | IceCv    | Noticed a white ugly thing
  9980 | IceCv    | Reached XP level 11. HP: 41/97 MP: 11/11
  9984 | IceCv    | Killed a white ugly thing
  9984 | IceCv    | Received a gift from Okawaru
  9984 | IceCv    | Reached skill level 18 in Axes
 10264 | IceCv    | Found a transporter.
 10274 | IceCv    | Noticed a white ugly thing
 10275 | IceCv    | Found a transporter.
 10609 | D:11     | Reached ****** piety under Okawaru
 10609 | D:11     | Received a gift from Okawaru
 10609 | D:11     | Reached skill level 10 in Fighting
 11506 | D:12     | Found a staircase to the Orcish Mines.
 11700 | D:12     | Killed an unseen horror
 11878 | D:12     | Noticed a manticore
 11892 | D:12     | Killed a manticore
 12001 | D:12     | Found a runed translucent door.
 12004 | D:12     | Noticed a cyan ugly thing
 12004 | D:12     | Noticed a storm dragon
 12291 | D:12     | Noticed a manticore
 12302 | D:12     | Killed a manticore
 12302 | D:12     | Reached skill level 19 in Axes
 12335 | D:12     | Noticed a red ugly thing
 12345 | D:12     | Killed a red ugly thing
 12640 | Orc:1    | Entered Level 1 of the Orcish Mines
 12930 | Orc:1    | Found Umeveupp's Gadget Emporium.
 13197 | Orc:1    | Reached XP level 12. HP: 91/112 MP: 12/12
 13203 | Orc:1    | Received a gift from Okawaru
 13206 | Orc:1    | Got an ancient shield {god gift}
 13217 | Orc:1    | Identified the +1 shield of the Journeyman {Regen+}
                  | (Okawaru gifted it to you on level 1 of the Orcish Mines)
 13350 | Orc:1    | Noticed Josephine
 13374 | Orc:1    | Killed from afar by Josephine

Levels and vault maps discovered:
D:1:      minmay_arrival_pointy, layout_basic, nemelex_xobeh_ov_fountains_minmay
D:2:      layout_basic, nicolae_gozag_cash_rules_everything_around_me,
          fedhas_altar_fruit_tree, zin_statuary, first_ration,
          dk_yredelemnul_ordeal, uniq_jessica
D:3:      wander_river, layout_loops_cross
D:4:      layout_rooms, led_sif_pool, chequers_decorated_corner,
          roderic_malta_cross, uniq_ijyb, uniq_duvessa, uniq_sigmund,
          uniq_blork_the_orc
D:5:      layout_gridville, lemuel_doored_altar, temple_green, minmay_crossroads
D:6:      layout_basic, basic_altar
D:7:      layout_cave_pools
D:8:      kennysheep_spiral_hall, layout_basic, grunt_lair_entry_orc_guard_hut
D:9:      layout_roguey, uniq_psyche, uniq_prince_ribbit1
D:10:     layout_loops_ring, gammafunk_ghost_smash,
          hangedman_little_slice_of_home, st_stairs_7
D:11:     layout_stronghold, portal_ice_cave_entry_ice_beasts
D:12:     layout_basic, orc_0_dummy, minmay_misc_feat_four_crosses, wad_hexagon
D:13:     layout_loops_ring
Temple:   regret_index_temple_sphere_string
Orc:1:    layout_diamond_mine, serial_shops, nicolae_shop_crystal,
          uniq_josephine

Skill      XL: |  1  2  3  4  5  6  7  8  9 10 11 12 |
---------------+-------------------------------------+-----
Axes           | 3 4 5 8 9 11 14 16 17 19 | 19.5
Fighting       | 5 9 11 12 | 12.3
Armour         | |  3.2
Shields        | |  3.2

Action                   |  1- 3 |  4- 6 |  7- 9 | 10-12 || total
-------------------------+-------+-------+-------+-------++-------
Melee: War axe           |    98 |    16 |       |       ||   114
       Hand axe          |       |   123 |   297 |   519 ||   939
  Use: Potion            |       |     2 |     2 |     3 ||     7
       Scroll            |       |       |    15 |     4 ||    19
  Eat: Chunk             |     2 |     7 |    13 |    16 ||    38
       Ration            |       |       |       |     1 ||     1
Armor: Scale mail        |    51 |    34 |   113 |    77 ||   275
       Skin              |       |     7 |       |       ||     7
       Leather armour    |       |       |       |    16 ||    16
       Plate armour      |       |       |       |   130 ||   130
Dodge: Dodged            |    45 |    37 |    77 |    93 ||   252
Block: Shield            |    73 |    48 |   110 |   154 ||   385
